AoeStats
← best Y

Golden Pit

508158687Analyzed
1v1 RM · 10d ago on Sep 21, 2026· 27m 19s· 2 players
Game mode
Random Map
Map size
Tiny (2 player)
Population
200
Speed
Normal
Resources
Standard
Victory
Conquest
Starting age
Dark Age
Ending age
Imperial Age
RankedLock teamsTeams togetherTeam positionsShared explorationLock speedFull tech treeHidden civsTurbo modeCheats
Victory
Defeat
🇺🇸 Franks · United States
1143
+16
🇲🇽 Aztecs · Mexico
1145
-16
best Y
7:19 Loom
8:14 Loom
11:15 Feudal Age
12:52 Double-Bit Axe
18:51 Castle Age
17:18 Scale Barding Armor
17:08 Gold Mining
19:46 Husbandry
20:54 Wheelbarrow
PolloRizzo
2:03 Loom
12:15 Feudal Age
12:19 Man-at-Arms
18:45 Castle Age
19:30 Stone Mining
23:07 Pikeman
Connection lost

Rejoining the realm…

Still unreachable

The connection could not be restored.

Session expired

The server has moved on; the page needs a fresh start.